AoeStats
← koke0613

Yucatan

503264026Analyzed
2v2 RM · 1mo ago on Aug 30, 2026· 31m 12s· 4 players
Game mode
Random Map
Map size
Medium (4 player)
Population
200
Speed
Normal
Resources
Standard
Victory
Conquest
Starting age
Dark Age
Ending age
Imperial Age
RankedLock teamsTeams togetherTeam positionsShared explorationLock speedFull tech treeHidden civsTurbo modeCheats
Victory
Defeat
🇲🇽 Bulgarians · Mexico
909
+12
🇨🇱 Mongols · Chile
876
+14
🇪🇸 Khmer · Spain
831
-28
🇪🇸 Huns · Spain
831
-28
pepermenchaca
0:28 Loom
11:41 Feudal Age
15:08 Scale Mail Armor
15:19 Forging
26:02 Castle Age
27:37 Iron Casting
27:07 Scale Barding Armor
27:18 Chain Mail Armor
29:18 Squires
Tuko00o
1:48 Loom
10:08 Feudal Age
12:10 Wheelbarrow
11:43 Double-Bit Axe
14:31 Bloodlines
19:48 Castle Age
20:50 Husbandry
21:39 Horse Collar
24:24 Gold Mining
24:24 Stone Mining
27:06 Forging
julcmonster
7:52 Loom
11:32 Feudal Age
12:57 Double-Bit Axe
16:21 Wheelbarrow
15:50 Fletching
16:01 Padded Archer Armor
koke0613
5:01 Loom
11:18 Feudal Age
15:28 Horse Collar
15:43 Gold Mining
15:43 Double-Bit Axe
20:28 Scale Barding Armor
20:35 Forging
23:44 Castle Age
23:13 Bloodlines
25:38 Chain Barding Armor
Connection lost

Rejoining the realm…

Still unreachable

The connection could not be restored.

Session expired

The server has moved on; the page needs a fresh start.